 Dungeon Crawl Stone Soup version 0.31-a0-631-g285b096dc4 (webtiles) character file.

Game seed: 13745224602394567916

58037 zero the Thaumaturge (level 14, -2/88 HPs)
             Began as a Gargoyle Conjurer on Aug 26, 2023.
             Was a High Priest of Vehumet.
             Killed from afar by a lindwurm (34 damage)
             ... with a blast of flame
             ... on level 5 of the Lair of Beasts.
             The game lasted 00:24:14 (18005 turns).

zero the Thaumaturge (Gargoyle Conjurer)           Turns: 18005, Time: 00:24:14

Health: -2/88      AC: 24    Str: 12    XL:     14   Next: 88%
Magic:  36/41      EV:  8    Int: 23    God:    Vehumet [*****.]
Gold:   1216       SH: 13    Dex:  8    Spells: 17/41 levels left

rFire   . . .        r - staff of conjuration {!a}
rCold   + . .        e - +1 tower shield
rNeg    + . .        x - +2 robe {Will+}
rPois   ∞            (no helmet)
rElec   +            I - +2 cloak
rCorr   .            v - +2 pair of gloves
SInv    .            i - +2 pair of boots
Will    ++...        j - amulet of magic regeneration
Stlth   ++           P - ring of magical power
HPRegen 0.34/turn    G - ring of protection from cold
MPRegen 0.67/turn

%: no passive effects
@: flying
A: sickness immunity, AC +10, big wings, negative energy resistance 1,
electricity resistance, torment resistance 1, petrification resistance
a: Renounce Religion


You were on level 5 of the Lair of Beasts.
You worshipped Vehumet.
Vehumet was extremely pleased with you.
You visited 3 branches of the dungeon, and saw 16 of its levels.
You also visited: Sewer.

You collected 1216 gold pieces.

Inventory:

Hand Weapons
 c - the +11 war axe of Courage {heavy, rCorr}
   (You found it in a sewer)

   rCorr:     It protects you from acid and corrosion.
Armour
 e - a +1 tower shield (worn)
 i - a +2 pair of boots (worn)
 v - a +2 pair of gloves (worn)
 x - a +2 robe of willpower (worn)
 I - a +2 cloak (worn)
 J - +0 acid dragon scales
Magical Staves
 p - the staff "Vizuikhlu" {rN+ Dex+6 Necro}
   (You found it on level 2 of the Dungeon)

   [staff of death]

   Base accuracy: +5 Base damage: 5 Base attack delay: 1.2 This weapon's minimum
   attack delay (0.6) is reached at skill level 12.
   Dex+6:     It affects your dexterity (+6).
   rN+:       It protects you from negative energy.
   Necro:     It increases the power of your Necromancy spells.
   It falls into the 'Staves' category.
   It is a one-handed weapon.
 r - a staff of conjuration (weapon) {!a}
Jewellery
 j - an amulet of magic regeneration (around neck)
 k - a ring of wizardry
 G - a ring of protection from cold (right hand)
 K - a ring of fire
 P - a ring of magical power (left hand)
Wands
 a - a wand of acid (21)
 n - a wand of charming (22)
 y - a wand of iceblast (8)
 B - a wand of flame (20)
 C - a wand of mindburst (22)
 D - a wand of polymorph (2)
 F - a wand of digging (4)
Scrolls
 g - 2 scrolls of enchant weapon
 l - 5 scrolls of teleportation
 m - a scroll of torment
 o - 4 scrolls of immolation
 t - 2 scrolls of poison
 w - a scroll of fear
 L - a scroll of fog
 N - a scroll of summoning
Potions
 b - 2 potions of magic
 d - 2 potions of heal wounds
 f - 3 potions of haste
 h - 2 potions of resistance
 q - 3 potions of mutation
 s - a potion of cancellation {unknown}
 u - 3 potions of curing
 z - 4 potions of might
 A - 2 potions of berserk rage
 E - 2 potions of ambrosia
 H - a potion of invisibility {unknown}
 M - 2 potions of lignification
 Q - a potion of attraction {unknown}
Miscellaneous
 O - a lightning rod (4/4)
 R - a box of beasts


   Skills:
 - Level 10.0 Fighting
 - Level 5.0 Armour
 - Level 5.0 Dodging
 - Level 2.1 Stealth
 - Level 5.0 Shields
 - Level 14.1 Spellcasting
 - Level 12.0 Conjurations
 - Level 1.0 Necromancy
 - Level 2.0 Translocations
 * Level 8.1 Fire Magic
 * Level 6.0 Ice Magic
 - Level 8.0 Earth Magic
 - Level 5.0 Evocations


You had 17 spell levels left.
You knew the following spells:

 Your Spells              Type           Power      Damage    Failure   Level
a - Blink                 Tloc           50%        N/A       36%         2
b - Searing Ray           Conj           100%       2d8       1%          2
c - Iskenderun's Mystic   Conj/Tloc      64%        2d13      9%          4
d - Stone Arrow           Conj/Erth      100%       3d13      1%          3
e - Starburst             Conj/Fire      38%        6d11      34%         6
h - Ozocubu's Refrigerat  Ice            21%        4d12      100%        7

Your spell library contained the following spells:

 Spells                   Type           Power      Damage    Failure   Level
 Kiss of Death            Conj/Necr      100%       2d13      1%          1
 Magic Dart               Conj           100%       1d8       1%          1
 Sandblast                Erth           100%       2d20      1%          1
 Momentum Strike          Conj/Tloc      100%       3d10      1%          2
 Scorch                   Fire           100%       2d9       1%          2
 Flame Wave               Conj/Fire      76%        2d17      2%          4
 Dazzling Flash           Conj/Hex       100%       N/A       4%          3
 Fulminant Prism          Conj/Hex       30%        3d16      13%         4
 Passwall                 Tmut/Erth      28%        N/A       17%         2
 Necrotise                Necr           80%        1d8       36%         1
 Lesser Beckoning         Tloc           50%        N/A       36%         2
 Summon Small Mammal      Summ           64%        N/A       52%         1
 Vampiric Draining        Necr           20%        2d7       75%         3
 Call Canine Familiar     Summ           16%        N/A       87%         3
 Confusing Touch          Hex            16%        N/A       87%         3
 Summon Guardian Golem    Hex/Summ       16%        N/A       87%         3
 Dispel Undead            Necr           20%        3d11      98%         4
 Agony                    Necr           20%        N/A       100%        5
 Summon Cactus Giant      Summ           8%         N/A       100%        6


Dungeon Overview and Level Annotations

Branches:
Dungeon (10/15)            Temple (1/1) D:4            Lair (5/5) D:10
  Swamp (0/4) Lair:2        Snake (0/4) Lair:3        Slime (0/5) Lair:5
    Orc (0/2) D:9           Sewer (visited)

Altars:
Ashenzari
Cheibriados
Dithmenos
Elyvilon
Fedhas
Gozag
Hepliaklqana
Kikubaaqudgha
Makhleb
Nemelex Xobeh
Okawaru
Qazlal
Ru
Sif Muna
Trog
Uskayaw
Vehumet
Wu Jian
Xom
Yredelemnul
Zin
The Shining One
Jiyva

Shops:
D:3 [   D:9 (

Annotations:
D:5 2 runed translucent doors, Crownlay's ghost, novice HOMo
D:7 4 runed translucent doors, NigelTetley's ghost, novice DgGl
Lair:1 2 transporters


Innate Abilities, Weirdness & Mutations

You are immune to sickness and miasma.
Your stone body is resilient. (AC +10)
You are immune to poison.
Your large and strong wings let you fly.
You resist negative energy. (rN+)
You are resistant to electric shocks. (rElec)
You are resistant to unholy torment.
You are immune to petrification.


Message History

You kill the basilisk!
Vehumet accepts your kill.
You feel your power returning.
You can't see any susceptible monsters within range! (Use Z to cast anyway.)
You can't see any susceptible monsters within range! (Use Z to cast anyway.)
You start resting.
A lindwurm comes into view.
A lindwurm is nearby!
A lindwurm is nearby!
The lindwurm roars!
You hear an angry hiss.
The lindwurm breathes flames at you. The blast of flame hits you!!!
A black mamba comes into view.
You are too injured to fight recklessly!
You are too injured to fight recklessly!
You are too injured to fight recklessly!
You are too injured to fight recklessly!
Casting: Stone Arrow (safe; 1% risk of failure)
Confirm with . or Enter, or press ? or * to list all spells.
You don't know that spell.
You are too injured to fight recklessly!
Casting: Stone Arrow (safe; 1% risk of failure)
Confirm with . or Enter, or press ? or * to list all spells.
Aiming: Stone Arrow (safe; 1% risk of failure)
Press: ? - help, Shift-Dir - straight line, f - lindwurm
Aim: a lindwurm (89% to hit)
You feel a surge of power!
The stone arrow hits the lindwurm!
The lindwurm is lightly wounded.
You block the lindwurm's attack.
The lindwurm claws you but does no damage. x2
Casting: Stone Arrow (safe; 1% risk of failure)
Confirm with . or Enter, or press ? or * to list all spells.
Aiming: Stone Arrow (safe; 1% risk of failure)
Press: ? - help, Shift-Dir - straight line, f/p - lindwurm
Aim: a lindwurm (lightly wounded, 89% to hit)
You feel a surge of power!
The stone arrow hits the lindwurm!
The lindwurm is moderately wounded.
The lindwurm breathes flames at you. The blast of flame hits you!!
You die...

............................##.##.#
............................#....##
...................................
.............................#.....
.............................#.....
............................###...#
............................##...#.
.............#..k..........##....#.
............#.#.#@.................
............##.###.................
.###......####k.###................
## ###..### #..###................
# #### ##...####.............. #
#.†..# ##....##....... # #.....#
#..#####...... # ........)# ####
#...... ## #8..........# ##.....


You could see a lindwurm (catching breath).

Vanquished Creatures
  4 hydras
  A catoblepas (Lair:5)
  3 boulder beetles
  3 two-headed ogres
  10 death yaks
  2 skysharks (Lair:4)
  2 wolf spiders (Lair:5)
  A salamander (Lair:3)
  An oklob plant (D:10)
  2 elephants
  9 black mambas
  Joseph (D:7)
  4 torpor snails
  2 molten gargoyles (Lair:5)
  12 cane toads
  4 rime drakes
  10 komodo dragons
  An unseen horror (D:10)
  A polar bear (Lair:5)
  9 dream sheep
  24 blink frogs
  A spriggan (Lair:1)
  8 wyverns
  Eustachio (D:5)
  A wraith (D:7)
  94 yaks
  4 basilisks
  3 steam dragons
  An acid dragon (D:10)
  2 hell hounds (Lair:5)
  Pargi (Sewer)
  20 water moccasins
  2 sky beasts
  2 ice beasts
  4 orc warriors
  3 black bears
  2 ogres
  8 wolves
  2 centaurs (D:7)
  A phantom (D:6)
  A kobold brigand (D:10)
  Blork the orc (D:4)
  15 bullfrogs
  5 scorpions
  11 killer bees (D:9)
  4 howler monkeys
  2 lava snakes (Lair:3)
  4 orc priests
  3 jellies
  A gnoll bouda (D:6)
  2 sleepcaps
  2 iguanas
  18 orc wizards
  A mummy (D:6)
  14 gnolls
  8 adders
  A white imp (D:6)
  4 worms
  3 dart slugs
  39 orcs
  A bat (D:2)
  10 endoplasms
  5 giant cockroaches
  10 goblins
  3 hobgoblins
  4 jackals
  12 kobolds
  A quokka (D:4)
  5 ball pythons (D:1)
  6 frilled lizards
  3 rats (D:1)
465 creatures vanquished.

Vanquished Creatures (collateral kills)
  A boulder beetle (Lair:4)
1 creature vanquished.

Vanquished Creatures (others)
  A hell hound (Lair:5)
1 creature vanquished.

Grand Total: 467 creatures vanquished

Notes
Turn   | Place    | Note
-------+----------+-------------------------------------------
     0 | D:1      | zero the Gargoyle Conjurer began the quest for the Orb.
     0 | D:1      | Reached XP level 1. HP: 10/10 MP: 3/3
   212 | D:1      | Reached XP level 2. HP: 11/16 MP: 1/5
   448 | D:1      | Reached skill level 1 in Fighting
   845 | D:1      | Found a faded altar of an unknown god.
   917 | D:1      | Reached XP level 3. HP: 20/20 MP: 5/7
   920 | D:1      | Learned a level 2 spell: Searing Ray
  1403 | D:2      | Identified the staff "Vizuikhlu" {rN+ Dex+6 Necro}
  1822 | D:3      | Reached XP level 4. HP: 21/26 MP: 5/8
  2089 | D:2      | Reached skill level 3 in Spellcasting
  2105 | D:2      | Reached skill level 5 in Conjurations
  2327 | D:3      | Found Jetusche's Antique Armour Emporium.
  2337 | D:3      | Reached XP level 5. HP: 30/30 MP: 5/9
  2520 | D:3      | Learned a level 4 spell: Iskenderun's Mystic Blast
  2536 | D:3      | Reached skill level 1 in Evocations
  2775 | D:3      | Reached skill level 1 in Necromancy
  2957 | D:4      | Noticed Blork the orc
  2957 | D:4      | Found a staircase to the Ecumenical Temple.
  2964 | D:4      | Killed Blork the orc
  2965 | D:4      | Reached skill level 1 in Translocations
  2965 | D:4      | Reached XP level 6. HP: 32/36 MP: 1/11
  3000 | Temple   | Entered the Ecumenical Temple
  3007 | Temple   | Became a worshipper of Vehumet
  3066 | D:4      | Found a white marble altar of Elyvilon.
  3066 | D:4      | Found a glowing silver altar of Zin.
  3068 | D:4      | Found a glowing golden altar of the Shining One.
  3146 | D:4      | Found a snail-covered altar of Cheibriados.
  3193 | D:4      | Found a stormy altar of Qazlal.
  3193 | D:4      | Noticed a black bear
  3213 | D:4      | Killed a black bear
  3214 | D:4      | Reached XP level 7. HP: 41/41 MP: 8/12
  3587 | D:4      | Found a sacrificial altar of Ru.
  3589 | D:4      | Found an iron altar of Okawaru.
  3593 | D:4      | Found an ancient bone altar of Kikubaaqudgha.
  3921 | D:5      | Entered Level 5 of the Dungeon
  3928 | D:5      | Reached skill level 4 in Spellcasting
  4135 | D:5      | Found a sparkling altar of Nemelex Xobeh.
  4171 | D:5      | Found a hazy altar of Hepliaklqana.
  4321 | D:5      | Reached XP level 8. HP: 48/48 MP: 10/14
  4349 | D:5      | Reached * piety under Vehumet
  4349 | D:5      | Offered knowledge of Foxfire by Vehumet.
  4439 | D:5      | Found a large runed translucent door.
  4440 | D:5      | Found a large runed translucent door.
  4449 | D:5      | Noticed Crownlay's ghost (novice HOMo)
  4525 | D:5      | Noticed Eustachio
  4540 | D:5      | Killed Eustachio
  4717 | D:6      | Reached skill level 5 in Fighting
  4717 | D:6      | Reached skill level 5 in Spellcasting
  4860 | D:6      | Found a glowing drain.
  4878 | Sewer    | Entered a sewer
  4919 | Sewer    | Noticed Pargi
  4926 | Sewer    | Killed Pargi
  4949 | Sewer    | Identified the +11 war axe of Courage {heavy, rCorr}
  5121 | D:6      | Reached skill level 10 in Conjurations
  5168 | D:6      | Reached XP level 9. HP: 47/54 MP: 13/16
  5220 | D:6      | Reached skill level 1 in Armour
  5469 | D:6      | Found a burning altar of Makhleb.
  5907 | D:6      | Reached ** piety under Vehumet
  5907 | D:6      | Offered knowledge of Shock by Vehumet.
  5976 | D:6      | Learned a level 3 spell: Stone Arrow
  6119 | D:7      | Reached skill level 1 in Earth Magic
  6326 | D:7      | Reached skill level 6 in Spellcasting
  6332 | D:7      | Reached XP level 10. HP: 35/59 MP: 13/19
  6544 | D:7      | Noticed Joseph
  6551 | D:7      | Killed Joseph
  6552 | D:7      | Reached skill level 5 in Earth Magic
  6943 | D:7      | Noticed a sixfirhy
  6945 | D:7      | Found a runed translucent door.
  6974 | D:7      | Reached skill level 7 in Spellcasting
  7082 | D:7      | Found a runed translucent gate.
  7085 | D:7      | Found a runed translucent gate.
  7086 | D:7      | Found a runed translucent gate.
  7086 | D:7      | Noticed a spectral unseen horror
  7087 | D:7      | Noticed NigelTetley's ghost (novice DgGl)
  7876 | D:8      | Found a broken altar of Ashenzari.
  7897 | D:8      | Reached skill level 1 in Shields
  7898 | D:8      | Offered knowledge of Momentum Strike by Vehumet.
  8334 | D:9      | Found Omoc's Weapon Shop.
  8398 | D:9      | Reached *** piety under Vehumet
  8881 | D:9      | Offered knowledge of Ignite Poison by Vehumet.
  9050 | D:9      | Noticed a two-headed ogre
  9057 | D:9      | Killed a two-headed ogre
  9058 | D:9      | Reached skill level 8 in Spellcasting
  9058 | D:9      | Reached XP level 11. HP: 33/63 MP: 16/23
  9261 | D:9      | Found a staircase to the Orcish Mines.
  9402 | D:10     | Entered Level 10 of the Dungeon
  9404 | D:10     | Found a staircase to the Lair.
  9408 | D:10     | Noticed an oklob plant
  9934 | D:10     | Killed an oklob plant
  9954 | D:10     | Noticed a two-headed ogre
  9962 | D:10     | Killed a two-headed ogre
  9963 | D:10     | Reached skill level 5 in Shields
 10189 | D:10     | Reached skill level 9 in Spellcasting
 10238 | D:10     | Found a shimmering altar of Xom.
 10478 | D:10     | Noticed a two-headed ogre
 10483 | D:10     | Killed a two-headed ogre
 10573 | D:10     | Reached **** piety under Vehumet
 10725 | D:10     | Found a shadowy altar of Dithmenos.
 11089 | Lair:1   | Entered Level 1 of the Lair of Beasts
 11112 | Lair:1   | Offered knowledge of Irradiate by Vehumet.
 11171 | Lair:1   | Found a transporter.
 11177 | Lair:1   | Noticed a spriggan rider
 11186 | Lair:1   | Found a bloodstained altar of Trog.
 11188 | Lair:1   | Noticed a spriggan rider
 11197 | Lair:1   | Noticed a moth of wrath
 11198 | Lair:1   | Found a transporter.
 11356 | Lair:1   | Identified the +0 robe of Juuph {rPois rC++ Int-5 Slay+4}
 11613 | Lair:1   | Reached XP level 12. HP: 44/70 MP: 20/25
 11618 | Lair:1   | Reached skill level 5 in Armour
 11737 | Lair:1   | Noticed a boulder beetle
 11748 | Lair:1   | Killed a boulder beetle
 11813 | Lair:1   | Reached skill level 10 in Spellcasting
 12465 | Lair:2   | Reached skill level 5 in Dodging
 12514 | Lair:2   | Reached ***** piety under Vehumet
 12514 | Lair:2   | Offered knowledge of Starburst by Vehumet.
 12594 | Lair:2   | Found a staircase to the Swamp.
 12659 | Lair:2   | Noticed a seven-headed hydra
 12686 | Lair:2   | Killed a seven-headed hydra
 13445 | Lair:3   | Noticed a boulder beetle
 13455 | Lair:3   | Reached skill level 11 in Spellcasting
 13455 | Lair:3   | Reached XP level 13. HP: 32/81 MP: 26/28
 13474 | Lair:3   | Reached skill level 10 in Fighting
 13887 | Lair:3   | Found a staircase to the Snake Pit.
 14014 | Lair:3   | Reached skill level 12 in Spellcasting
 14406 | Lair:3   | Reached skill level 13 in Spellcasting
 14676 | Lair:3   | Learned a level 6 spell: Starburst
 14866 | Lair:3   | Reached skill level 1 in Fire Magic
 15360 | Lair:4   | Reached skill level 5 in Evocations
 15569 | Lair:4   | Gained mutation: Your large and strong wings let you fly.
                  | [Gargoyle growth]
 15569 | Lair:4   | Reached XP level 14. HP: 85/88 MP: 25/31
 15768 | Lair:4   | Offered knowledge of Ozocubu's Refrigeration by Vehumet.
 15779 | Lair:4   | Reached skill level 5 in Fire Magic
 15787 | Lair:4   | Learned a level 7 spell: Ozocubu's Refrigeration
 15875 | Lair:4   | Reached skill level 1 in Ice Magic
 16036 | Lair:4   | Learned a level 2 spell: Blink
 16848 | Lair:5   | Entered Level 5 of the Lair of Beasts
 17476 | Lair:5   | Reached skill level 14 in Spellcasting
 17515 | Lair:5   | Reached skill level 5 in Ice Magic
 17603 | Lair:5   | Found a viscous altar of Jiyva.
 17603 | Lair:5   | Found a staircase to the Slime Pits.
 18005 | Lair:5   | Killed from afar by a lindwurm

Illustrated notes

Levels and vault maps discovered:
D:1:      amcnicky_arrival_wind_blow, layout_basic,
          ebering_ecumenical_altar_webs
D:2:      layout_rooms, minmay_worlds_worst_comb
D:3:      layout_basic, serial_shops, shop
D:4:      layout_cave_pods, dreamdust_divine_triumvirate,
          nicolae_qazlal_scattered_showers, cheibriados_altar_1,
          grunt_temple_overflow_open, temple_statues, minmay_stone_trees_small,
          uniq_blork_the_orc
D:5:      layout_rooms, mainiacjoe_overflow_catch_the_wave,
          ebering_ghost_disaster_area, uniq_eustachio
D:6:      layout_basic, general_overflow_altar, cheibrodos_sewer_entry_bend,
          gup_ossuary_entry_pyramid, nicolae_concentric_dashed_squares_mild
D:7:      cheibrodos_shockbox, layout_loops_cross, enter_bailey_2,
          gammafunk_ghost_necromancy, nicolae_elevator_lobby_asterisk,
          uniq_joseph
D:8:      layout_basic, mainiacjoe_overflow_catwalk
D:9:      layout_loops_cross, orc_0_dummy, nicolae_take_the_stairs
D:10:     layout_loops_ring, amcnicky_altar_gilded,
          nicolae_dithmenos_through_a_glass_darkly, dpeg_oklobed_lair
Temple:   hellmonk_temple_micro_hex
Lair:1:   layout_chaotic_city, gammafunk_ghost_wrathful_warriors,
          grunt_forest_large_clearing_hut
Lair:2:   layout_regular_city, swamp_mist_pool, chequers_serial_rivers_small_3,
          minmay_hedge_maze
Lair:3:   nzn_winding_woodlands_cross [nzn_winding_woodlands_5x15_pool,
          nzn_winding_woodlands_5x15_cabin,
          nzn_winding_woodlands_5x15_concentric,
          nzn_winding_woodlands_5x15_jagged,
          nzn_winding_woodlands_15x15_killbox], layout_cave_pods,
          nicolae_snake_entry_warm_welcome
Lair:4:   layout_small_grid, st_stairs_12, hangedman_lair_generics_rect,
          serial_bayou_shore_b
Lair:5:   cheibrodos_lair_end_hotspot, layout_regular_city,
          dpeg_slime_entry_enclosed, nicolae_lair_run_with_the_wolves,
          infiniplex_staircase_pool_2

Skill      XL: |  1  2  3  4  5  6  7  8  9 10 11 12 13 14 |
---------------+-------------------------------------------+-----
Fighting       | 1 2 3 4 5 6 9 10 | 10.0
Spellcasting   | 3 4 5 6 8 9 11 13 14 | 14.1
Conjurations   | 5 6 7 10 11 12 | 12.0
Evocations     | 1 2 3 5 |  5.0
Necromancy     | 1 |  1.0
Translocations | 1 2 |  2.0
Armour         | 3 4 5 |  5.0
Earth Magic    | 4 7 8 |  8.0
Shields        | 4 5 |  5.0
Dodging        | 3 5 |  5.0
Fire Magic     | 3 8 |  8.1
Ice Magic      | 6 |  6.0
Stealth        | |  2.1

Action                     |  1- 3 |  4- 6 |  7- 9 | 10-12 | 13-15 || total
---------------------------+-------+-------+-------+-------+-------++-------
  Melee: Hand axe          |    10 |       |       |       |       ||    10
         Unarmed           |     3 |       |       |       |       ||     3
         Staff             |       |     7 |       |     4 |    23 ||    34
   Cast: Magic Dart        |    66 |    80 |    74 |    70 |       ||   290
         Searing Ray       |       |     9 |    41 |    78 |    25 ||   153
         Iskenderun's Myst |       |     2 |    21 |    51 |    79 ||   153
         Stone Arrow       |       |       |       |    75 |   232 ||   307
  Evoke: Wand              |       |       |       |     9 |       ||     9
         Box of beasts     |       |       |       |       |     1 ||     1
    Use: Scroll            |       |       |    12 |    12 |     5 ||    29
 Armour: Robe              |     7 |    21 |    57 |   121 |   124 ||   330
  Dodge: Dodged            |    14 |    23 |    65 |   102 |    59 ||   263
  Block: Tower shield      |       |       |       |    69 |   127 ||   196

Table legend: (Time is in decaauts)
 A = Elapsed time spent in this place.
 B = Non-inter-level travel time spent in this place.
 C = Inter-level travel time spent in this place.
 D = Time resting spent in this place.
 E = Time spent auto-exploring this place.
 F = Levels seen in this place.
 G = Mean time per level.
                   A        B        C        D        E       F      G
               +--------+--------+--------+--------+--------+-----+--------+
         Total |  18088 |  17618 |    470 |   3782 |  10956 |  17 | 1064.0 |
       Dungeon |  10946 |  10587 |    359 |   2170 |   6902 |  10 | 1094.6 |
        Temple |     15 |      9 |      6 |      0 |      0 |   1 |   15.0 |
          Lair |   6977 |   6873 |    104 |   1594 |   3959 |   5 | 1395.4 |
         Sewer |    149 |    149 |      0 |     18 |     94 |   1 |  149.0 |
               +--------+--------+--------+--------+--------+-----+--------+

Top non-repeatable levels by time:
  Lair:3: 2050 daAuts
  Lair:4: 1552 daAuts
     D:9: 1487 daAuts
     D:6: 1401 daAuts
    D:10: 1386 daAuts
  Lair:1: 1172 daAuts
     D:1: 1163 daAuts
     D:7: 1160 daAuts
  Lair:5: 1157 daAuts
  Lair:2: 1044 daAuts
     D:3: 1028 daAuts
     D:4: 938 daAuts
     D:8: 818 daAuts
     D:2: 782 daAuts
     D:5: 779 daAuts
